 Dungeon Crawl Stone Soup version 0.16.0 (webtiles) character file.

8695 quick the Geomancer (level 11, -6/60 HPs)
             Began as a Gargoyle Earth Elementalist on Mar 14, 2015.
             Was a Priest of Sif Muna.
             Mangled by a freezing wraith (18 damage)
             ... in an ice cave.
             The game lasted 01:11:27 (10933 turns).

quick the Geomancer (Gargoyle Earth Elementalist)  Turns: 10933, Time: 01:11:27

Health: -6/60      AC: 19    Str: 12    XL:     11   Next: 34%
Magic:  16/28      EV: 12    Int: 19    God:    Sif Muna [***...]
Gold:   590        SH:  3    Dex: 10    Spells: 5 memorised, 13 levels left

rFire  . . .     SeeInvis .     b - 228 stones
rCold  . . .     Clarity  .     t - +0 leather armour
rNeg   + . .     SustAb   .     r - +0 buckler
rPois  ∞         Gourm    .     (no helmet)
rElec  +         Spirit   .     T - +0 cloak
rCorr  .         Warding  .     F - +0 pair of gloves
rMut   .         Stasis   .     p - +1 pair of boots (curse)
MR     .....                    (no amulet)
Stlth  ++........               (no ring)
                                (no ring)

@: stone skin, not resistant to hostile enchantments, unstealthy
A: negative energy resistance 1, electricity resistance, unbreathing,
petrification resistance, rot immunity, AC +7
a: Channel Energy, Forget Spell, Renounce Religion


You were in an ice cave.
You worshipped Sif Muna.
Sif Muna was most pleased with you.
You were very hungry.

You visited 3 branches of the dungeon, and saw 11 of its levels.
You also visited: Ossuary and Ice Cave.

You collected 590 gold pieces.

Inventory:

Hand weapons
 a - a +1 flail of holy wrath
 f - a cursed +0 hand axe of chopping
 j - a +0 flail
 n - a +0 vampiric dagger
 o - a cursed +0 dagger of pain
 v - a +1 dagger of venom
 B - a +0 blowgun
 R - a +0 whip of electrocution
Missiles
 b - 228 stones (in hand)
 u - 31 poisoned needles
 H - 6 needles of frenzy
Armour
 c - a +0 robe
 p - a cursed +1 pair of boots (worn)
 r - a +0 buckler (worn)
 t - a +0 leather armour (worn)
 F - a +0 pair of gloves (worn)
 T - a +0 cloak (worn)
Magical devices
 O - a wand of magic darts (32)
Scrolls
 g - 4 scrolls of remove curse
 i - 3 scrolls of enchant armour
 k - 2 scrolls of blinking
 m - 4 scrolls of teleportation
 z - a scroll of recharging
 M - a scroll of holy word {unknown}
 P - a scroll of enchant weapon {unknown}
 Q - a scroll of vulnerability {unknown}
 S - a scroll of amnesia {unknown}
Potions
 e - 2 potions of brilliance
 h - 4 potions of haste
 l - a potion of ambrosia
 q - 7 potions of might
 s - 2 potions of poison {unknown}
 w - a potion of flight
 x - 2 potions of curing
 D - a potion of degeneration
 E - 2 potions of lignification
Books
 d - a book of Geomancy

   Spells                             Type                      Level
   a - Sandblast                      Earth                        1
   b - Stoneskin                      Transmutation/Earth          2
   c - Passwall                       Transmutation/Earth          3
   d - Stone Arrow                    Conjuration/Earth            3
   e - Petrify                        Transmutation/Earth          4
   f - Lee's Rapid Deconstruction     Earth                        5
Comestibles
 y - 4 bread rations
 C - 9 royal jellies
 K - 3 meat rations
 N - a beef jerky


   Skills:
 + Level 3.8 Fighting
 + Level 0.1 Short Blades
 + Level 0.5(2.3) Axes
 + Level 4.1 Maces & Flails
 + Level 1.1 Throwing
 + Level 5.1 Armour
 + Level 3.9 Dodging
 + Level 4.3 Stealth
 + Level 0.9 Shields
 * Level 8.5 Spellcasting
 * Level 6.2 Conjurations
 + Level 2.3 Transmutations
 * Level 11.6 Earth Magic


You had 13 spell levels left.
You knew the following spells:

 Your Spells              Type           Power        Failure   Level  Hunger
a - Sandblast             Erth           ######       1%          1    None
b - Stone Arrow           Conj/Erth      #####.       1%          3    None
c - Passwall              Trmt/Erth      ####......   2%          3    None
l - Lee's Rapid Deconstr  Erth           ######....   4%          5    #####..
s - Stoneskin             Trmt/Erth      ####....     1%          2    None


Dungeon Overview and Level Annotations

Branches:
Dungeon (9/15)             Temple (1/1) D:7            Lair (1/8) D:9
    Orc: D:9-12

Altars:
Ashenzari
Cheibriados
Dithmenos
Elyvilon
Fedhas
Gozag
Kikubaaqudgha
Makhleb
Nemelex Xobeh
Okawaru
Qazlal
Ru
Sif Muna
Trog
Vehumet
Xom
Yredelemnul
Zin
The Shining One

Shops:
D:4 %

Annotations:
D:3 Grinder
D:6 Eustachio, Sigmund


Innate Abilities, Weirdness & Mutations

You are resistant to torment.
You are immune to poison.
Your stone body is very resilient (AC +7).
You resist negative energy.
You are resistant to electric shocks.
You can survive without breathing.
You are immune to petrification.
You are immune to rotting.


Message History

Press: ? - help, Shift-Dir - straight line, f/p - freezing wraith
Aim: a freezing wraith (moderately damaged)
The rocky blast hits the freezing wraith.
The freezing wraith is moderately damaged.
The freezing wraith hits you but does no damage. x2
Casting: Sandblast
Confirm with . or Enter, or press ? or * to list all spells.
Aiming: Sandblast
Press: ? - help, Shift-Dir - straight line, f/p - freezing wraith
Aim: a freezing wraith (moderately damaged)
The rocky blast hits the freezing wraith.
The freezing wraith is moderately damaged.
The freezing wraith hits you! The freezing wraith freezes you!!
* * * LOW HITPOINT WARNING * * *
The freezing wraith closely misses you.
Drink which item? (? for menu, Esc to quit)
You feel much better. The freezing wraith hits you.
* * * LOW HITPOINT WARNING * * *
The freezing wraith freezes you!!
You die...

#.......#
#...∩...#
##.....## ##...##
#...## ##...#
##...# ##...##
#..@## #.W##
##..## ##..# #
####..#### #..
##.#....#.## #..
##..........## ..
##............# #
####.............#


You could see a freezing wraith.

Vanquished Creatures
  Maurice (D:9)
  A komodo dragon (Lair:1)
  A fire drake (D:9)
  A queen bee (D:8)
  3 freezing wraiths (IceCv)
  A troll (D:9)
  A trapdoor spider zombie (D:9)
  2 death yak simulacra (IceCv)
  3 yaks (D:7)
  2 hippogriffs
  Edmund (D:4)
  Menkaure (D:6)
  A water moccasin (Lair:1)
  3 orc warriors
  15 ice beasts
  2 phantoms
  An alligator simulacrum (IceCv)
  3 ogres
  2 big kobolds
  7 giant frogs
  An elf zombie (Ossuary)
  A wyvern zombie (D:7)
  An elephant simulacrum (IceCv)
  5 scorpions
  17 killer bees
  2 hounds
  4 crimson imps
  3 goliath beetles
  A giant frog zombie (D:5)
  2 orc priests (D:8)
  A centaur zombie (D:7)
  2 jellies
  2 human zombies (Ossuary)
  9 worker ants
  A giant frog skeleton (D:5)
  An iguana (D:5)
  6 orc wizards
  A killer bee zombie (D:7)
  A big kobold zombie (Ossuary)
  Ijyb (D:3)
  2 mummies (Ossuary)
  7 adders
  5 gnolls
  A worker ant zombie (D:6)
  2 giant mites
  5 white imps (IceCv)
  2 worms (D:4)
  3 adder zombies (Ossuary)
  An adder skeleton (D:8)
  An ooze (D:1)
  24 orcs
  4 ball pythons
  A bat skeleton (D:4)
  A bat zombie (D:8)
  5 giant cockroaches
  24 hobgoblins
  14 jackals
  25 kobolds
  3 quokkas
  A ball python skeleton (D:4)
  16 bats
  11 giant geckos
  A giant gecko skeleton (D:4)
  5 giant newts
  A giant spore (D:6)
  26 goblins
  A goblin zombie (D:4)
  7 hobgoblin zombies (Ossuary)
  2 jackal zombies (Ossuary)
  9 kobold zombies (Ossuary)
  11 orc zombies (Ossuary)
  11 rats
  2 rat zombies
  3 ballistomycetes (D:6)
  A plant (D:1)
352 creatures vanquished.

Vanquished Creatures (others)
  A ballistomycete (D:6)
1 creature vanquished.

Grand Total: 353 creatures vanquished

Notes
Turn   | Place    | Note
--------------------------------------------------------------
     0 | D:1      | quick, the Gargoyle Earth Elementalist, began the quest for the Orb.
     0 | D:1      | Reached XP level 1. HP: 10/10 MP: 3/3
   414 | D:1      | Reached skill level 4 in Earth Magic
   430 | D:1      | Reached XP level 2. HP: 15/15 MP: 4/4
   487 | D:1      | Learned a level 2 spell: Stoneskin
   640 | D:1      | Reached XP level 3. HP: 13/19 MP: 1/6
  1371 | D:2      | Reached XP level 4. HP: 24/24 MP: 6/8
  1379 | D:2      | Learned a level 3 spell: Stone Arrow
  1743 | D:2      | Found an iron altar of Okawaru.
  1743 | D:2      | Found a burning altar of Makhleb.
  1743 | D:2      | Found a snail-covered altar of Cheibriados.
  2635 | D:3      | Learned a level 3 spell: Passwall
  2734 | D:3      | Reached skill level 5 in Earth Magic
  2734 | D:3      | Reached XP level 5. HP: 28/28 MP: 6/11
  2761 | D:3      | Noticed Ijyb
  2792 | D:3      | Killed Ijyb
  3018 | D:3      | Noticed Grinder
  3024 | D:3      | Paralysed by Grinder for 5 turns
  3118 | D:4      | Reached skill level 1 in Conjurations
  3161 | D:4      | Found a sand-covered staircase.
  3219 | Ossuary  | Entered an ossuary
  3248 | Ossuary  | Reached skill level 1 in Armour
  3433 | Ossuary  | Reached XP level 6. HP: 18/32 MP: 5/13
  3677 | Ossuary  | Reached skill level 1 in Maces & Flails
  3711 | Ossuary  | Reached skill level 1 in Transmutations
  4010 | D:4      | Noticed Edmund
  4027 | D:4      | Killed Edmund
  4027 | D:4      | Reached skill level 1 in Fighting
  4027 | D:4      | Reached skill level 6 in Earth Magic
  4027 | D:4      | Reached XP level 7. HP: 34/38 MP: 15/15
  4231 | D:4      | Found Geubrecw's Food Shoppe.
  5092 | D:5      | Entered Level 5 of the Dungeon
  5226 | D:5      | Reached skill level 7 in Earth Magic
  5228 | D:5      | Reached XP level 8. HP: 34/44 MP: 17/17
  5839 | D:6      | Learned a level 5 spell: Lee's Rapid Deconstruction
  5908 | D:6      | Noticed Sigmund
  6060 | D:6      | Reached skill level 8 in Earth Magic
  6311 | D:6      | Noticed Menkaure
  6356 | D:7      | Found a staircase to the Ecumenical Temple.
  6361 | Temple   | Entered the Ecumenical Temple
  6470 | D:7      | Reached XP level 9. HP: 40/49 MP: 20/20
  6959 | D:6      | Noticed Eustachio
  7251 | D:7      | Reached skill level 5 in Spellcasting
  7818 | D:6      | Killed Menkaure
  7818 | D:6      | Reached skill level 9 in Earth Magic
  8081 | D:6      | Found a deep blue altar of Sif Muna.
  8086 | D:6      | Reached skill level 5 in Armour
  8097 | D:6      | Became a worshipper of Sif Muna the Loreminder
  8472 | D:8      | Reached XP level 10. HP: 51/56 MP: 8/23
  8611 | D:8      | Acquired Sif Muna's first power
  8683 | D:8      | Reached skill level 10 in Earth Magic
  8744 | D:8      | Found a deep blue altar of Sif Muna.
  8789 | D:8      | Found a basalt altar of Yredelemnul.
  8822 | D:8      | Found a sparkling altar of Nemelex Xobeh.
  8825 | D:8      | Found a sacrificial altar of Ru.
  8826 | D:8      | Found a shattered altar of Ashenzari.
  8826 | D:8      | Found a blossoming altar of Fedhas.
  8960 | D:8      | Found a radiant altar of Vehumet.
  8960 | D:8      | Found a glowing silver altar of Zin.
  8960 | D:8      | Found a glowing golden altar of the Shining One.
  9279 | D:9      | Found a white marble altar of Elyvilon.
  9442 | D:9      | Found a staircase to the Lair.
  9447 | D:9      | Acquired Sif Muna's second power
  9447 | D:9      | Reached skill level 5 in Conjurations
  9547 | D:9      | Noticed Maurice
  9638 | D:9      | Killed Maurice
 10386 | Lair:1   | Entered Level 1 of the Lair of Beasts
 10423 | Lair:1   | Reached skill level 11 in Earth Magic
 10423 | Lair:1   | Reached XP level 11. HP: 60/60 MP: 15/27
 10428 | Lair:1   | Reached skill level 1 in Throwing
 10457 | Lair:1   | Found a frozen archway.
 10570 | IceCv    | Entered an ice cave
 10928 | IceCv    | HP: 2/60 [freezing wraith (12)]
 10933 | IceCv    | Mangled by a freezing wraith

Action                   |  1- 3 |  4- 6 |  7- 9 | 10-12 || total
-------------------------+-------+-------+-------+-------++-------
Melee: Hand axe          |   106 |    41 |       |       ||   147
       Flail             |       |   148 |   342 |    84 ||   574
       Dagger            |       |    46 |    34 |       ||    80
 Fire: Blowgun           |       |       |       |    12 ||    12
 Cast: Sandblast         |    38 |    43 |    67 |   116 ||   264
       Stoneskin         |     1 |    10 |    33 |    13 ||    57
       Stone Arrow       |       |     5 |    16 |    12 ||    33
       Passwall          |       |     1 |       |       ||     1
       Lee's Rapid Decon |       |       |       |    11 ||    11
Invok: Channel Energy    |       |       |       |     8 ||     8
  Use: Scroll            |     1 |    11 |     4 |     4 ||    20
       Potion            |       |       |       |     3 ||     3
 Stab: Sleeping          |       |     2 |     7 |     5 ||    14
  Eat: Chunk             |     2 |     7 |    16 |     8 ||    33
       Bread ration      |       |     1 |       |       ||     1
       Beef jerky        |       |       |       |     2 ||     2
